Map: Zarośnięta placówka

Players

Esharell - Winner!

  • Race: Zerg Zerg
  • Spawn Location: 3:00

Legol - Winner!

  • Race: Protoss Protoss
  • League: Gold
  • Spawn Location: 1:00

dillinger

  • Race: Terran Terran
  • Spawn Location: 9:00

Crytek

  • Race: Terran Terran
  • Spawn Location: 7:00

VOD

Have the link to the VOD?

Description

Time

  • Played on: Jan. 4, 2020, 6:10 p.m.
  • Length: 21:53
Show
View Real Time Build Order
Export as new Build Order

Esharell Zerg - Winner!

Build Orders: Pool First 

Get SALT Encoding   

  12  0:01  Drone  
  13  0:13  Overlord  
  13  0:19  Drone  
  14  0:32  Drone x2  
  16  0:36  Drone  
  17  0:47  Spawning Pool  
  17  0:49  Drone  
  17  0:58  Drone  
  18  1:05  Extractor  
  17  1:20  Hatchery  
  16  1:27  Drone x2  
  18  1:34  Queen  
  18  1:38  Overlord  
  20  1:43  Drone  
  21  1:57  Zergling x2  
  22  2:03  Zergling x2  
  23  2:12  Queen  
  25  2:17  Metabolic Boost  
  25  2:32  Queen  
  25  2:34  Drone x3  
  25  2:35  Drone  
  31  2:45  Overlord  
  31  2:46  Drone x2  
  33  2:53  Drone  
  33  2:54  Drone  
  35  3:04  Drone x2  
  35  3:05  Drone  
  37  3:14  Zergling x2  
  37  3:19  Zergling x2  
  39  3:26  Zergling x6  
  42  3:34  Overlord  
  42  3:37  Zergling x4  
  43  3:43  Zergling x2  
  43  4:04  Pneumatized Carapace  
  43  4:05  Drone  
  43  4:06  Drone x6  
  50  4:12  Lair, Extractor  
  50  4:14  Extractor  
  48  4:44  Hatchery  
  48  4:45  Roach Warren  
  46  4:46  Drone x3  
  46  4:47  Drone x3  
  46  4:48  Burrow, Overlord x2  
  46  4:49  Overlord x2  
  52  5:17  Roach Warren, Drone x2  
  52  5:18  Drone x5  
  52  5:20  Extractor  
  57  5:32  Overseer x2  
  57  6:00  Overlord x3  
  57  6:09  Roach x6  
  57  6:10  Roach x5  
  64  6:24  Lair  
  63  6:49  Drone  
  63  6:50  Drone x3  
  50  7:28  Drone x2  
  52  7:32  Hatchery  
  52  7:33  Hydralisk Den  
  50  7:49  Drone x2  
  50  7:50  Drone x7  
  50  7:51  Drone  
  60  8:11  Spawning Pool  
  59  8:35  Drone x3  
  62  8:45  Grooved Spines, Hydralisk x2  
  62  8:46  Hydralisk x8  
  82  8:57  Overlord  
  82  8:59  Overlord  
  82  9:01  Overlord  
  82  9:02  Overlord  
  82  9:08  Queen  
  84  9:14  Drone x2  
  84  9:15  Drone  
  84  9:16  Baneling Nest  
  86  9:18  Drone x4  
  90  9:35  Zergling x12  
  96  9:45  Drone x5  
  101  9:48  Evolution Chamber  
  101  9:50  Evolution Chamber  
  99  9:57  Zergling x2  
  99  9:58  Zergling x4  
  102  10:04  Hatchery  
  102  10:05  Drone  
  102  10:06  Drone x5  
  107  10:16  Zergling x6  
  110  10:27  Baneling x3  
  110  10:28  Baneling x4  
  110  10:31  Zergling x2  
  110  10:32  Zergling x12  
  117  10:38  Baneling  
  117  10:40  Baneling  
  117  10:41  Baneling x10  
  117  10:44  Centrifical Hooks  
  117  10:47  Zerg Melee Weapons Level 1, Zerg Ground Armor Level 1  
  117  10:49  Overlord x3  
  117  10:54  Drone x3  
  120  10:57  Queen  
  122  11:20  Queen  
  124  11:27  Extractor x2  
  124  11:31  Zergling x2  
  124  11:32  Zergling x32  
  139  11:34  Hatchery  
  138  11:43  Drone x3  
  141  12:00  Drone x3  
  102  12:09  Zergling x12  
  102  12:10  Zergling x6  
  71  12:24  Zergling x2  
  71  12:25  Zergling x16  
  80  12:36  Baneling  
  80  12:37  Baneling x13  
  80  12:39  Zergling x6  
  79  12:55  Overseer  
  79  12:56  Overseer x2  
  79  12:59  Zergling x2  
  79  13:00  Zergling x6  
  79  13:11  Zergling x6  
  79  13:12  Zergling x4  
  71  13:22  Baneling x4  
  71  13:23  Baneling x4  
  69  13:34  Hatchery  
  68  13:44  Zergling x2  
  68  13:45  Zergling x4  
  68  13:51  Hatchery  
  65  13:55  Zergling x2  
  65  13:56  Zergling x6  
  69  14:04  Zergling x2  
  70  14:11  Queen  
  72  14:22  Baneling  
  72  14:23  Baneling x12  
  72  14:41  Infestation Pit  
  71  14:48  Queen  
  73  14:53  Drone x2  
  73  14:54  Drone x5  
  80  15:05  Zergling x10  
  85  15:17  Hatchery  
  68  15:50  Zergling x2  
  68  15:51  Zergling x22  
  79  16:01  Hive  
  79  16:06  Zerg Ground Armor Level 2, Zerg Melee Weapons Level 2  
  79  16:13  Zergling x2  
  79  16:14  Zergling x10  
  85  16:24  Zergling x6  
  88  16:34  Baneling  
  88  16:35  Baneling x3  
  88  16:48  Zergling x22  
  88  16:50  Extractor  
  88  16:52  Extractor  
  97  16:57  Zergling x2  
  97  16:58  Zergling x10  
  103  17:08  Zergling x8  
  107  17:15  Adrenal Glands  
  107  17:20  Baneling x2  
  107  17:21  Baneling x7  
  107  17:22  Zergling x4  
  109  17:23  Zergling x4  
  109  17:26  Zergling x2  
  109  17:27  Zergling x16  
  120  17:46  Hatchery  
  119  17:54  Zergling x2  
  119  17:55  Zergling x22  
  119  17:58  Baneling x9  
  131  17:59  Baneling x17  
  131  18:02  Drone x3  
  134  18:28  Zergling x16  
  134  18:29  Zergling x10  
  134  18:31  Overlord x3  
  110  18:53  Zergling x2  
  110  18:54  Zergling x14  
  86  19:03  Zergling x8  
  86  19:04  Zergling x8  
  94  19:14  Queen  
  96  19:21  Baneling x8  
  96  19:22  Baneling  
  96  19:25  Zergling x22  
  107  19:39  Extractor  
  107  19:40  Extractor  
  107  19:42  Zergling x2  
  107  19:43  Zergling x20  
  116  19:46  Overlord  
  116  19:53  Baneling  
  116  19:55  Baneling  
  116  19:56  Baneling x12  
  116  20:14  Zergling x26  
  117  20:20  Overlord, Infestor  
  131  20:25  Overseer  
  131  20:35  Zergling x12  
  135  20:36  Zergling x4  
  139  20:55  Baneling  
  139  20:56  Baneling x7  
  139  21:02  Queen  
  135  21:17  Zergling x2  
  135  21:18  Zergling x32  
  131  21:28  Zergling x2  
  131  21:29  Zergling x2  
Show
View Real Time Build Order
Export as new Build Order

Legol Protoss - Winner!

Build Orders:  

Get SALT Encoding   

  12  0:01  Probe  
  13  0:13  Probe  
  14  0:21  Pylon  
  14  0:25  Probe  
  15  0:39  Probe (Chrono Boost)  
  15  0:41  Gateway  
  17  0:50  Probe (Chrono Boost)  
  17  0:51  Assimilator  
  17  0:56  Probe (Chrono Boost)  
  18  1:08  Probe  
  19  1:19  Pylon  
  19  1:21  Probe (Chrono Boost)  
  20  1:28  Cybernetics Core  
  21  1:33  Probe (Chrono Boost)  
  21  1:41  Probe (Chrono Boost)  
  22  1:54  Probe  
  23  2:03  Assimilator, Gateway  
  23  2:04  Gateway  
  23  2:06  Probe  
  24  2:21  Stalker  
  26  2:23  Warp Gate  
  26  2:43  Probe  
  27  2:47  Nexus  
  27  2:52  Stalker  
  27  2:55  Sentry  
  31  3:16  Pylon  
  31  3:33  Stalker x2  
  31  3:34  Probe (Chrono Boost)  
  36  3:45  Probe (Chrono Boost)  
  36  3:46  Twilight Council  
  36  3:47  Pylon  
  37  3:50  Probe (Chrono Boost)  
  38  4:00  Probe  
  41  4:08  Blink (Chrono Boost)  
  39  4:12  Stalker x3  
  39  4:15  Probe x2  
  47  4:27  Probe  
  47  4:30  Probe  
  49  4:39  Probe  
  49  4:41  Forge  
  49  4:42  Probe  
  49  4:45  Pylon  
  51  4:51  Probe  
  51  4:52  Stalker  
  54  4:58  Stalker  
  56  5:02  Probe  
  56  5:03  Probe  
  56  5:06  Assimilator  
  58  5:07  Protoss Ground Weapons Level 1 (Chrono Boost)  
  58  5:11  Stalker  
  60  5:14  Probe  
  60  5:19  Probe  
  62  5:27  Probe  
  63  5:32  Photon Cannon  
  63  5:36  Photon Cannon  
  63  5:38  Stalker, Pylon  
  65  5:46  Photon Cannon  
  65  5:54  Gateway  
  65  5:57  Gateway  
  65  6:00  Stalker  
  67  6:15  Stalker x2  
  71  6:26  Photon Cannon  
  71  6:27  Stalker  
  73  6:35  Gateway  
  73  6:36  Pylon, Gateway  
  73  6:39  Pylon  
  73  6:46  Stalker x2  
  77  7:12  Stalker x5  
  87  7:35  Stalker  
  87  7:36  Stalker x2  
  93  7:46  Pylon  
  93  7:48  Pylon  
  93  7:50  Pylon  
  93  7:51  Assimilator  
  85  8:20  Stalker x4  
  85  8:21  Stalker x3  
  89  8:34  Protoss Ground Weapons Level 2 (Chrono Boost)  
  89  8:46  Templar Archives, Nexus  
  89  8:48  Assimilator  
  89  8:50  Probe (Chrono Boost), Assimilator  
  90  8:57  Charge (Chrono Boost)  
  90  9:00  Probe (Chrono Boost)  
  91  9:05  Probe x2 (Chrono Boost)  
  93  9:12  Zealot x2  
  93  9:13  Zealot x4  
  93  9:16  Probe  
  106  9:17  Probe  
  107  9:26  Psionic Storm  
  107  9:29  Probe  
  108  9:38  High Templar x3  
  114  9:55  Probe x2  
  116  10:03  High Templar x2  
  120  10:07  Probe x2  
  120  10:08  Zealot x2  
  126  10:15  Probe  
  126  10:19  Pylon, Probe x2  
  129  10:23  Pylon  
  129  10:26  Forge  
  129  10:28  Probe  
  130  10:30  Gateway x2  
  130  10:32  Gateway  
  130  10:34  Probe x2  
  132  10:40  Probe, Photon Cannon  
  133  10:43  Photon Cannon  
  133  10:53  Protoss Ground Weapons Level 3 (Chrono Boost), Zealot x5  
  133  10:54  Protoss Ground Armor Level 1 (Chrono Boost)  
  143  11:09  Probe x3  
  146  11:34  High Templar  
  148  11:41  Pylon  
  148  11:43  Pylon, Nexus  
  148  11:46  Pylon, Assimilator  
  148  11:48  Pylon, Assimilator  
  148  11:54  Pylon  
  148  11:59  Pylon  
  148  12:03  High Templar x3  
  148  12:04  High Templar x4  
  128  12:37  Zealot x5  
  128  12:38  Zealot x5  
  142  13:19  Archon x2  
  122  13:37  Zealot x3  
  122  13:38  Zealot x7  
  142  13:45  Protoss Ground Armor Level 2 (Chrono Boost)  
  142  13:48  Protoss Shields Level 1 (Chrono Boost)  
  142  14:02  Gateway  
  142  14:03  Gateway  
  142  14:05  High Templar x6  
  142  14:06  High Templar x4, Gateway  
  162  14:10  Gateway  
  162  14:13  Archon  
  162  14:14  Archon x3  
  162  14:15  Gateway, Archon  
  162  14:17  Gateway  
  162  14:21  Gateway  
  162  14:22  Pylon  
  162  14:25  Pylon  
  162  14:26  Probe x4  
  162  14:30  Pylon  
  166  14:40  High Templar  
  166  14:41  High Templar x6  
  166  14:42  High Templar x2  
  184  14:45  Archon  
  184  14:46  Archon x2  
  184  14:47  Archon  
  184  14:48  Zealot  
  186  14:59  Photon Cannon  
  186  15:03  Photon Cannon  
  186  15:06  Photon Cannon  
  186  15:08  Photon Cannon  
  186  15:11  Photon Cannon  
  186  15:12  Photon Cannon  
  186  15:15  Photon Cannon  
  186  15:17  Photon Cannon, Zealot x3  
  186  15:18  Zealot x4  
  72  16:11  High Templar x2  
  72  16:12  High Templar x7  
  72  16:13  High Templar x2  
  72  16:15  Archon  
  72  16:16  Archon x3  
  94  16:26  Zealot  
  94  16:28  Zealot x5  
  106  16:47  Zealot x7  
  106  16:48  Zealot x6  
  106  16:49  Zealot x4  
  139  17:10  High Templar x4  
  139  17:11  High Templar x2  
  139  17:14  Archon x2  
  139  17:15  Archon  
  151  17:16  Zealot x2  
  151  17:17  Zealot x7  
  151  17:18  Zealot x2  
  173  18:04  Zealot x6  
  173  18:05  Zealot x7  
  87  19:01  Nexus, Zealot  
  87  19:02  Zealot x3  
  95  19:04  High Templar x5, Assimilator x2  
  95  19:05  High Templar x7  
  95  19:07  Pylon  
  95  19:09  Archon x4  
  119  19:29  Gateway  
  119  19:30  Gateway  
  119  19:32  Gateway  
  119  19:34  Gateway, Zealot x5  
  119  19:36  Gateway  
  129  19:39  Gateway  
  129  19:41  Gateway  
  129  19:55  Zealot x7  
  129  19:56  Zealot x6  
  129  19:57  Zealot x4  
  163  20:20  High Templar x2  
  163  20:21  High Templar x5  
  173  20:24  Archon  
  173  20:25  Archon x2  
  173  20:28  Pylon  
  177  20:32  Pylon  
  177  21:01  Pylon  
  177  21:04  Pylon  
  177  21:15  Nexus  
  177  21:17  Assimilator  
  177  21:21  Assimilator  
  177  21:26  Pylon  
Show
View Real Time Build Order
Export as new Build Order

dillinger Terran 

Build Orders: Mech 

Get SALT Encoding   

  12  0:01  SCV  
  13  0:13  SCV  
  14  0:23  Supply Depot  
  14  0:28  SCV  
  15  0:31  Refinery  
  15  0:44  SCV  
  16  0:50  Barracks  
  16  0:57  SCV  
  17  1:11  Refinery  
  17  1:12  SCV  
  18  1:23  Barracks  
  18  1:24  SCV  
  19  1:37  SCV  
  20  1:40  Supply Depot  
  20  1:46  Reaper  
  21  1:49  SCV  
  22  2:09  Orbital Command  
  22  2:11  Reaper  
  23  2:17  Factory  
  23  2:21  Reaper  
  24  2:33  Supply Depot  
  24  2:35  SCV  
  25  3:03  Widow Mine  
  27  3:05  Barracks Reactor  
  27  3:09  Supply Depot  
  27  3:15  SCV  
  27  3:19  Command Center  
  28  3:36  Engineering Bay  
  25  3:56  Barracks Tech Lab  
  25  4:15  Hellion x2  
  29  4:19  Armory  
  29  4:25  SCV  
  30  4:36  Barracks Reactor  
  30  4:37  SCV  
  31  4:39  Hellion x2  
  31  4:45  Factory  
  35  4:49  Factory  
  35  5:01  Concussive Shells  
  35  5:02  Marauder  
  35  5:03  SCV  
  38  5:09  Orbital Command  
  38  5:15  SCV  
  39  5:23  Hellion x2  
  39  5:27  SCV, Terran Vehicle Weapons Level 1  
  44  5:30  Factory Tech Lab, Armory  
  44  5:34  Factory Tech Lab  
  44  5:39  SCV  
  45  5:46  Missile Turret  
  45  5:48  Refinery x2  
  45  5:55  Siege Tank  
  45  5:56  Missile Turret, Siege Tank  
  51  6:04  Hellion x2  
  51  6:10  Starport  
  55  6:20  SCV x2  
  57  6:32  SCV  
  62  6:47  Hellion x2  
  62  7:04  Siege Tank  
  62  7:05  Siege Tank  
  62  7:08  Supply Depot  
  60  7:10  Supply Depot  
  60  7:15  Infernal Pre-Igniter  
  58  7:35  Supply Depot  
  58  7:36  Supply Depot  
  58  7:37  SCV x2  
  60  7:46  Siege Tank x2  
  60  7:47  Hellion  
  60  7:49  SCV  
  59  7:56  Terran Vehicle Weapons Level 2  
  65  8:27  Hellion x4  
  65  8:32  Supply Depot  
  65  8:33  Supply Depot  
  73  8:48  Hellion x3  
  73  8:49  Hellion  
  73  8:51  Starport Reactor  
  73  8:55  Factory  
  73  8:56  SCV x2  
  73  8:59  Supply Depot  
  73  9:00  Terran Vehicle And Ship Armor Level 1  
  75  9:08  SCV  
  76  9:21  Hellion x4  
  84  9:41  Factory  
  84  9:42  Hellion  
  86  9:52  Marauder  
  88  9:57  Thor x2  
  88  9:59  Factory Tech Lab  
  100  10:06  Liberator x2  
  100  10:14  Marauder  
  108  10:32  Factory Tech Lab  
  108  10:35  Marauder, Hellion x3  
  116  10:40  Hellion  
  118  10:58  Hellion  
  118  10:59  Hellion x2  
  124  11:07  Medivac  
  126  11:11  Command Center  
  126  11:15  Sensor Tower  
  126  11:50  Supply Depot  
  126  11:52  Supply Depot  
  126  11:57  Supply Depot  
  126  12:04  Marauder, Medivac  
  126  12:05  Thor, Hellion x2  
  105  12:18  Hellion x3  
  99  12:26  Marauder  
  99  12:27  Hellion x2  
  94  12:39  Hellion x2  
  94  12:40  Thor  
  104  12:46  Marine  
  105  12:55  Terran Vehicle And Ship Armor Level 2, Terran Vehicle Weapons Level 3  
  105  13:02  Hellion x2  
  105  13:03  Hellion x2  
  105  13:04  Marine  
  82  13:24  Planetary Fortress  
  82  13:33  Siege Tank x3  
  82  13:34  Siege Tank  
  94  13:37  Liberator x2  
  94  13:43  Widow Mine x2  
  104  14:05  Thor  
  110  14:19  Thor x2  
  110  14:20  Liberator  
  125  15:11  SCV x2  
  125  15:12  Refinery  
  125  15:13  Thor, Refinery  
  125  15:14  Thor  
  67  16:11  SCV  
  68  16:23  SCV x2  
  70  16:31  Thor x2  
  88  16:32  Hellion  
  88  16:33  Hellion x3  
  90  16:49  Liberator  
  94  16:54  Hellion x2  
  97  17:22  Hellion x6  
  109  17:26  Terran Vehicle And Ship Armor Level 3  
  109  17:43  Hellion  
  111  17:49  Hellion x4  
  111  17:50  Widow Mine  
  121  18:02  SCV  
  121  18:03  SCV  
  121  18:04  Widow Mine  
  129  18:13  Hellion x3  
  131  18:24  SCV x2  
  131  18:26  Thor  
  26  19:28  Orbital Command  
  30  19:38  Hellion x2  
  30  19:39  Hellion x4  
  38  19:59  Thor  
  40  20:00  Hellion  
  40  20:04  SCV x2  
  48  20:12  Hellion x2  
  52  20:27  Refinery  
  52  20:28  Widow Mine x3  
  58  20:30  Refinery  
  58  20:34  Widow Mine  
  60  20:39  Widow Mine  
  61  20:43  Widow Mine  
  58  21:02  Widow Mine x3  
  64  21:13  Widow Mine x2, Hellion  
  70  21:24  Hellion x2  
Show
View Real Time Build Order
Export as new Build Order

Crytek Terran 

Build Orders:  

Get SALT Encoding   

  12  0:02  SCV  
  13  0:14  SCV  
  14  0:21  Supply Depot  
  14  0:27  SCV  
  15  0:43  SCV  
  16  0:51  Barracks  
  16  0:56  SCV  
  17  1:04  Refinery x2  
  17  1:08  SCV  
  18  1:20  SCV  
  19  1:30  Supply Depot  
  19  1:34  SCV  
  20  1:47  Supply Depot  
  20  1:57  SCV  
  21  2:06  Barracks Tech Lab  
  21  2:13  Factory  
  21  2:20  Supply Depot  
  21  2:24  SCV  
  21  2:29  Marauder  
  24  2:47  Barracks  
  24  2:55  Barracks  
  24  2:57  Marauder  
  26  3:03  Starport  
  26  3:18  Stimpack  
  26  3:40  Barracks Reactor  
  26  3:44  Barracks, Starport Reactor, Barracks Tech Lab  
  26  3:51  Marauder  
  28  4:04  Combat Shield  
  28  4:14  Orbital Command  
  28  4:17  Marine x2  
  28  4:21  Medivac  
  28  4:23  Medivac  
  34  4:32  Marine x2  
  34  4:35  Barracks Reactor, Marine x2  
  38  4:58  Marauder, Concussive Shells  
  38  4:59  Marauder  
  42  5:00  Marine x2  
  44  5:12  Marine x2  
  46  5:51  Command Center  
  41  7:27  Marauder  
  41  7:28  Marauder, Marine x3  
  41  7:29  Marine  
  49  7:32  Medivac x2  
  49  7:36  SCV  
  54  7:40  SCV  
  55  7:46  Marine x4  
  55  7:48  SCV  
  55  7:49  Marauder  
  62  8:08  SCV x2  
  52  8:42  SCV x2, Medivac x2, Marine x2  
  52  8:43  Marauder  
  52  8:47  Supply Depot  
  52  8:48  Supply Depot  
  62  8:50  Supply Depot  
  62  9:08  Marine x2  
  62  9:09  SCV x2, Marauder x2  
  70  9:11  Supply Depot  
  70  9:17  Marine x2  
  70  9:19  Command Center  
  70  9:21  SCV  
  73  9:26  Marine x2  
  73  9:30  Marauder x2  
  79  9:52  Marauder  
  81  10:03  Orbital Command  
  81  10:13  Engineering Bay  
  81  10:15  Engineering Bay  
  81  10:25  Marauder x2  
  81  10:26  Marine x2  
  81  10:27  Marine  
  81  10:28  Marine  
  89  10:42  Armory  
  89  10:47  Marauder x2  
  93  10:52  Marine x4  
  97  11:08  Marauder x2  
  97  11:10  Marine x4  
  105  11:28  Marine  
  105  11:29  Marauder  
  105  11:31  Supply Depot  
  108  11:34  Supply Depot x3  
  108  11:36  Terran Infantry Weapons Level 1, Terran Infantry Armor Level 1  
  108  11:39  Marine  
  109  11:53  Marauder x2, Marine  
  113  12:15  Marauder  
  93  12:49  Marauder x2  
  93  12:50  Marine x4  
  101  12:59  Supply Depot  
  101  13:01  Supply Depot x2  
  101  13:03  SCV x3  
  104  13:08  Marine x4  
  104  13:10  Marauder x2  
  69  13:15  SCV x2  
  69  13:16  SCV  
  66  13:25  Marine  
  66  13:26  Marine x2  
  69  13:31  Marauder  
  69  13:32  Marauder  
  69  13:33  Marine  
  74  13:43  Marine  
  74  13:44  Marine x2  
  74  13:48  Terran Infantry Armor Level 2, Terran Infantry Weapons Level 2  
  77  13:53  Marauder x2  
  81  13:55  Medivac  
  81  13:56  Medivac  
  85  14:14  Marauder x2  
  89  14:25  Medivac  
  89  14:26  Medivac  
  89  14:31  Marine x4  
  94  14:36  Marauder x2  
  101  14:48  Marine  
  101  14:49  Marine  
  103  15:07  Medivac x2  
  107  15:37  Medivac x2  
  55  16:10  Marauder x2  
  59  16:11  Marine  
  59  16:12  Marine x3  
  59  16:17  Refinery  
  63  16:19  Refinery  
  63  16:24  Orbital Command  
  63  16:29  Marine  
  63  16:30  Marine x3  
  63  16:32  Marauder x2  
  71  16:33  Command Center  
  71  16:47  Marine x4  
  71  16:53  Marauder x2  
  79  17:05  Marine x4  
  83  17:14  Marauder  
  83  17:15  Marauder  
  87  17:21  Terran Infantry Armor Level 3, Terran Infantry Weapons Level 3  
  87  17:23  Marine x4  
  91  17:32  Barracks  
  91  17:35  Marine  
  91  17:36  Marauder  
  94  17:37  Barracks  
  94  17:40  Marine  
  94  17:41  Marine x2  
  97  17:54  Marauder  
  97  17:57  Marauder  
  101  18:15  Marauder  
  103  18:35  Marauder  
  103  18:36  Marauder  
  103  18:39  Barracks Reactor  
  103  18:40  Barracks Tech Lab  
  105  18:57  Marauder  
  105  18:58  Marauder  
  69  19:08  Marine x2  
  69  19:09  Marine x3  
  68  19:16  Marine x2  
  70  19:18  Marauder  
  70  19:19  Marauder  
  74  19:26  Marine x4  
  74  19:27  Marauder  
  80  19:34  Marine x2  
  80  19:40  Marauder  
  80  19:41  Marauder  
  80  19:44  Marine x4  
  78  19:49  Marauder  
  78  19:52  Marine x2  
  82  20:00  Marine  
  82  20:02  Marauder, Marine x4  
  89  20:10  Marauder, Marine x2  
  93  20:19  Marauder, Marine  
  93  20:20  Marine x3  
  99  20:23  Marine  
  99  20:27  Marine  
  99  20:28  Marine  
  102  20:31  Marine  
  103  20:37  Marine x2  
  103  20:38  Marine x2  
  103  20:40  Marine  
  103  20:41  Marauder  
  110  20:45  Marine x2  
  110  20:49  Marauder  
  114  20:55  Marine x3  
  114  20:56  Marine  
  118  20:58  Marauder  
  118  21:03  Marauder, Marine x2  
  124  21:11  Marauder  
  126  21:13  Marine x2  
  128  21:18  Marine  
  128  21:19  Marauder, Marine  
  128  21:21  Marine x2  
  128  21:24  Marauder  
  136  21:31  Marine x2  
Tags
 
Add a new tag
Caveats
  • Supply blocks, unpowered buildings, or Contaminate may cause inaccurate times.
  • Supply counts are checked every 10 seconds.